 Dungeon Crawl Stone Soup version 0.26-a0-259-g1effd001a9 (webtiles) character file.

Game seed: 6857270112522834180

6195 gruber the Fighter (level 10, -8/83 HPs)
             Began as a Demonspawn Transmuter on July 27, 2020.
             Was a Priest of Sif Muna.
             Mangled by Snorg (11 damage)
             ... on level 10 of the Dungeon.
             The game lasted 00:15:16 (14787 turns).

gruber the Fighter (Demonspawn Transmuter)         Turns: 14787, Time: 00:15:16

Health: -8/83      AC: 14    Str: 11    XL:     10   Next: 61%
Magic:  22/22      EV: 14    Int: 18    God:    Sif Muna [***...]
Gold:   535        SH:  8    Dex: 20    Spells: 2/13 levels left

rFire    + + .     SeeInvis .   F - +9 hunting sling of Dismemberment {vorpal, MP+9 Dex+4}
rCold    . . .     Faith    .   g - +2 buckler
rNeg     . . .     Spirit   .   N - +2 robe {rF+}
rPois    .         Reflect  .   (no helmet)
rElec    .         Harm     .   (no cloak)
rCorr    .                      I - +1 pair of gloves {Dex+3}
MR       .....                  L - +0 pair of boots
Stlth    ++++......             (no amulet)
HPRegen  0.23/turn              y - ring of protection from fire
MPRegen  0.18/turn              u - +4 ring of protection

@: no status effects
A: molten scales 2, nightstalker 2, rot immunity
a: Channel Magic, Forget Spell, Renounce Religion


You were on level 10 of the Dungeon.
You worshipped Sif Muna.
Sif Muna was most pleased with you.
You were not hungry.

You visited 2 branches of the dungeon, and saw 11 of its levels.
You also visited: Sewer.

You collected 546 gold pieces.
You spent 11 gold pieces at shops.

Inventory:

Hand Weapons
 E - a +2 whip of electrocution
 F - the +9 hunting sling of Dismemberment (weapon) {vorpal, MP+9 Dex+4}
   (You found it on level 7 of the Dungeon)

   Any stone fired from it inflicts extra damage.
   It affects your dexterity (+4).
   It affects your magic capacity (+9).
Missiles
 a - 159 arrows
 o - 70 poisoned darts
 G - 73 sling bullets
 H - 269 stones (quivered)
Armour
 g - a +2 buckler (worn)
 I - a +1 pair of gloves of dexterity (worn)
 L - a +0 pair of boots (worn)
 N - a +2 robe of fire resistance (worn)
Jewellery
 b - a +6 ring of strength {unknown}
 c - an uncursed ring of resist corrosion
 t - an uncursed ring of stealth
 u - a +4 ring of protection (right hand)
 y - a ring of protection from fire (left hand)
Wands
 q - a wand of iceblast (20)
 J - a wand of enslavement (8)
 K - a wand of acid (6)
 M - a wand of flame (19)
Scrolls
 e - 3 scrolls of immolation {unknown}
 f - 5 scrolls of remove curse
 h - 2 scrolls of fog {unknown}
 i - a scroll of amnesia {unknown}
 j - a scroll of fear {unknown}
 k - 2 scrolls of noise {unknown}
 l - 4 scrolls of enchant weapon {unknown}
 n - 5 scrolls of identify
 s - 2 scrolls of blinking {unknown}
 v - 2 scrolls of enchant armour {unknown}
 x - 9 scrolls of teleportation {unknown}
 C - 4 scrolls of magic mapping {unknown}
Potions
 m - a potion of heal wounds {unknown}
 p - 4 potions of mutation {unknown}
 r - a potion of lignification {unknown}
 w - a potion of flight {unknown}
 z - 3 potions of might
 A - 2 potions of cancellation {unknown}
 B - 3 potions of curing
 D - 2 potions of haste {unknown}
Comestibles
 d - 15 rations


   Skills:
 - Level 9.0 Fighting
 - Level 7.0 Slings
 * Level 2.9 Dodging
 - Level 4.2 Shields
 - Level 4.0 Unarmed Combat
 - Level 2.0 Spellcasting
 - Level 3.5 Necromancy
 - Level 7.0 Transmutations
 - Level 3.0 Earth Magic


You had 2 spell levels left.
You knew the following spells:

 Your Spells              Type           Power        Failure   Level
a - Beastly Appendage     Tmut           ####..       1%          1
b - Sticks to Snakes      Tmut           ####....     1%          2
c - Spider Form           Tmut/Pois      ##........   13%         3
d - Borgnjor's Vile Clut  Necr/Erth      ##........   78%         5

Your spell library contained the following spells:

 Spells                   Type           Power        Failure   Level
 Blade Hands              Tmut           ####......   28%         5
 Animate Dead             Necr           ##........   38%         4
 Ice Form                 Ice/Tmut       ##......     38%         4
 Recall                   Summ/Tloc      N/A          47%         3
 Death Channel            Necr           ##........   99%         6
 Simulacrum               Ice/Necr       #.........   100%        6


Dungeon Overview and Level Annotations

Branches:
Dungeon (10/15)            Temple (1/1) D:5           Sewer (visited)
   Lair: D:8-11         Orc: D:9-12

Altars:
Ashenzari
Cheibriados
Dithmenos
Elyvilon
Fedhas
Gozag
Hepliaklqana
Kikubaaqudgha
Makhleb
Nemelex Xobeh
Okawaru
Qazlal
Ru
Sif Muna
Trog
Uskayaw
Vehumet
Wu Jian
Xom
Yredelemnul
Zin
The Shining One

Shops:
D:5 *   D:6 }

Annotations:
D:9 3 runed translucent doors, exclusion: obsidian statue
D:10 Snorg


Innate Abilities, Weirdness & Mutations

You are mostly covered in molten scales. (AC +3)
You are significantly more attuned to the shadows.
You are immune to rotting.


Message History

Snorg goes berserk!
Snorg bites you!! Snorg claws you! x2
Evoke which item? (* to show all) (? for menu, Esc to quit)
Okay, then.
Snorg bites you!!
* * * LOW HITPOINT WARNING * * *
You block Snorg's attack. Snorg closely misses you.
Okay, then.
Snorg barely misses you. Snorg claws you but does no damage. Snorg claws you!
* * * LOW HITPOINT WARNING * * *
Snorg misses you. Snorg barely misses you. Snorg closely misses you.
You see here a +0 shortbow.
You block Snorg's attack. Snorg misses you. You block Snorg's attack.
Snorg bites you but does no damage. Snorg claws you but does no damage.
Snorg claws you.
* * * LOW HITPOINT WARNING * * *
Snorg bites you!
* * * LOW HITPOINT WARNING * * *
You block Snorg's attack. Snorg claws you!
You die...

.......# #.#.#.#.#.#
........# #.#.#...#.#
.........# #.#.#####.#
.........# #.[....##.#
.........#####.##.##.#
......≈..+.....##.##.#
##.......####..##.##.#
....................>#
###.#@###...#...#.##.#
#.#T..#.#.#.....##.#
#...#.#.......+...
#...#.........##.#
#.######......##.# #)#
#......##.# #.#
#......##.. #.#.#
#......#### #.#.#
#......##..


You could see Snorg (berserk).

Vanquished Creatures
  Harold (D:9)
  2 two-headed ogres
  A deep elf mage (D:8)
  Joseph (D:9)
  A spriggan (D:8)
  A sky beast (D:7)
  An ice beast (D:7)
  A necrophage (D:8)
  2 ogres
  2 phantoms
  5 centaurs
  A crocodile (D:8)
  A big kobold (D:8)
  4 bullfrogs
  A wyvern zombie (D:8)
  A gnoll sergeant (D:8)
  A wyvern skeleton (D:9)
  6 scorpions
  4 wights (D:9)
  A bullfrog zombie (D:5)
  A centaur zombie (D:5)
  A hound (D:6)
  2 jellies
  A centaur skeleton (D:8)
  6 orc priests
  A bullfrog skeleton (D:7)
  5 orc wizards
  An iguana (D:7)
  12 worker ants
  2 killer bee zombies
  A hound skeleton (D:4)
  A worker ant zombie (D:8)
  14 adders
  4 gnolls (D:8)
  3 shadow imps
  4 white imps
  3 ufetubi
  An adder skeleton (D:5)
  4 worms
  2 dart slugs (D:2)
  2 leopard geckos
  26 orcs
  3 giant cockroaches
  7 goblins
  2 hobgoblins
  23 jackals
  2 quokkas
  2 ball pythons (Sewer)
  6 bats
  6 frilled lizards
  17 kobolds
  A leopard gecko skeleton (D:8)
  5 rats
  A spectral orc (D:3)
  4 plants (Sewer)
214 creatures vanquished.

Vanquished Creatures (collateral kills)
  A water moccasin (D:6)
1 creature vanquished.

Vanquished Creatures (others)
  2 plants (Sewer)
2 creatures vanquished.

Grand Total: 217 creatures vanquished

Notes
Turn   | Place    | Note
-------+----------+-------------------------------------------
     0 | D:1      | gruber the Demonspawn Transmuter began the quest for the
                  | Orb.
     0 | D:1      | Reached XP level 1. HP: 15/15 MP: 3/3
   573 | D:1      | Gained mutation: You are immune to rotting. [demonic
                  | ancestry]
   573 | D:1      | Reached XP level 2. HP: 21/21 MP: 3/5
  1510 | D:2      | Gained mutation: You are partially covered in molten
                  | scales. (AC +2) [demonic ancestry]
  1510 | D:2      | Reached XP level 3. HP: 5/26 MP: 4/6
  1958 | D:2      | Reached skill level 1 in Shields
  2485 | D:3      | Reached XP level 4. HP: 19/32 MP: 5/7
  2633 | D:3      | Found a basalt altar of Yredelemnul.
  2688 | D:3      | Found an opulent altar of Gozag.
  2688 | D:3      | Found a hide-covered altar of Uskayaw.
  2895 | D:3      | Learned a level 2 spell: Sticks to Snakes
  2899 | D:3      | Learned a level 3 spell: Spider Form
  3032 | D:3      | Gained mutation: You are slightly more attuned to the
                  | shadows. [demonic ancestry]
  3032 | D:3      | Reached XP level 5. HP: 3/37 MP: 1/8
  3922 | D:3      | Found a burning altar of Makhleb.
  3922 | D:3      | Found a glowing silver altar of Zin.
  3923 | D:3      | Noticed an angel
  3923 | D:3      | Noticed a blizzard demon
  4505 | D:4      | Found a blossoming altar of Fedhas.
  4705 | D:4      | Gained mutation: You are mostly covered in molten scales.
                  | (AC +3) [demonic ancestry]
  4705 | D:4      | Reached XP level 6. HP: 43/43 MP: 9/9
  4754 | D:4      | Found a glowing drain.
  4762 | Sewer    | Entered a sewer
  5909 | D:5      | Entered Level 5 of the Dungeon
  5941 | D:5      | Found Zuozxax's General Store.
  5988 | D:5      | Bought a potion of degeneration for 11 gold pieces
  6679 | D:5      | Gained mutation: You are significantly more attuned to the
                  | shadows. [demonic ancestry]
  6679 | D:5      | Reached XP level 7. HP: 46/48 MP: 10/10
  6879 | D:5      | Reached skill level 5 in Transmutations
  6920 | D:5      | Found a white marble altar of Elyvilon.
  7058 | D:5      | Found a staircase to the Ecumenical Temple.
  7110 | D:5      | Found a white marble altar of Elyvilon.
  7394 | Temple   | Entered the Ecumenical Temple
  7603 | Temple   | Became a worshipper of Sif Muna the Loreminder
  7662 | D:5      | HP: 2/48 [orc priest/divine providence (10)]
  7968 | D:5      | Found a shimmering altar of Xom.
  8414 | D:6      | Reached XP level 8. HP: 35/54 MP: 8/11
  8964 | D:6      | Learned a level 5 spell: Borgnjor's Vile Clutch
  9014 | D:6      | Reached * piety under Sif Muna
  9602 | D:6      | Found Titz's Gadget Boutique.
  9864 | D:7      | Reached skill level 1 in Necromancy
  9864 | D:7      | Reached skill level 1 in Earth Magic
 10190 | D:7      | Got a faintly glowing hunting sling
 10192 | D:7      | Identified the +9 hunting sling of Dismemberment {vorpal,
                  | MP+9 Dex+4} (You found it on level 7 of the Dungeon)
 11230 | D:7      | Reached skill level 1 in Slings
 11357 | D:7      | Found a snail-covered altar of Cheibriados.
 11779 | D:7      | Found a stormy altar of Qazlal.
 12212 | D:8      | Reached XP level 9. HP: 59/59 MP: 12/12
 12227 | D:8      | Noticed a two-headed ogre
 12236 | D:8      | Reached ** piety under Sif Muna
 12242 | D:8      | Killed a two-headed ogre
 12659 | D:8      | Reached skill level 2 in Fighting
 12886 | D:8      | Found a shimmering altar of Xom.
 12887 | D:8      | Noticed a deep elf mage
 12894 | D:8      | Killed a deep elf mage
 12894 | D:8      | Reached skill level 4 in Fighting
 13038 | D:8      | Reached skill level 5 in Fighting
 13392 | D:9      | Reached XP level 10. HP: 76/76 MP: 13/13
 13463 | D:9      | Noticed a two-headed ogre
 13466 | D:9      | Reached skill level 6 in Fighting
 13473 | D:9      | Killed a two-headed ogre
 13473 | D:9      | Reached skill level 7 in Fighting
 13703 | D:9      | Noticed Joseph
 13711 | D:9      | Killed Joseph
 13898 | D:9      | Noticed Harold
 13912 | D:9      | Killed Harold
 13912 | D:9      | Reached skill level 8 in Fighting
 14098 | D:9      | Reached skill level 9 in Fighting
 14270 | D:9      | Found a runed translucent gate.
 14271 | D:9      | Found a runed translucent gate.
 14271 | D:9      | Found an opulent altar of Gozag.
 14442 | D:9      | Found a shattered altar of Ashenzari.
 14497 | D:9      | Reached *** piety under Sif Muna
 14548 | D:9      | Found a runed translucent gate.
 14568 | D:9      | Noticed an obsidian statue
 14595 | D:10     | Entered Level 10 of the Dungeon
 14768 | D:10     | Noticed Snorg
 14787 | D:10     | HP: 3/83 [Snorg (11)]
 14787 | D:10     | Mangled by Snorg

Illustrated notes

Levels and vault maps discovered:
D:1:      eino_arrival_water_cross, layout_basic
D:2:      layout_basic, minmay_tromino_mix6
D:3:      layout_loops_corners, grunt_temple_overflow_order_and_chaos_2,
          gammafunk_temple_overflow_statue, yredelemnul_forgotten_temple_becter
D:4:      layout_cave_pools, lemuel_coloured_pillars_altar, first_ration,
          portal_sewer_entry_d
D:5:      layout_gridville, kennysheep_mini,
          minmay_temple_entry_enclosed_plants, serial_shops, shop, basic_altar,
          elyvilon_altar_5
D:6:      layout_basic, serial_shops, nicolae_shop_behind_doors
D:7:      layout_loops_ring, slow_altar_1, nicolae_qazlal_eye_of_the_storm
D:8:      layout_basic, the_bakery, david_defended_altar_elf
D:9:      layout_gridville, nicolae_overflow_hidden_temple, ebering_ghost_gozag,
          uniq_joseph, uniq_harold
D:10:     layout_basic, orc_0_dummy, minivault_20, uniq_snorg
Temple:   nicolae_temple_figure_eight

Skill      XL: |  1  2  3  4  5  6  7  8  9 10 |
---------------+-------------------------------+-----
Unarmed Combat | 3 4 |  4.0
Shields        | 1 3 4 |  4.2
Transmutations | 2 4 6 7 |  7.0
Necromancy     | 3 |  3.5
Earth Magic    | 3 |  3.0
Slings         | 4 7 |  7.0
Fighting       | 5 9 |  9.0
Dodging        | 2 |  2.9
Spellcasting   | |  2.0

Action                   |  1- 3 |  4- 6 |  7- 9 | 10-12 || total
-------------------------+-------+-------+-------+-------++-------
Melee: Unarmed           |   162 |   496 |    31 |       ||   689
       Headbutt          |     6 |     7 |     6 |       ||    19
       Kick              |     3 |    20 |     5 |       ||    28
       Punch             |     1 |       |       |       ||     1
       Whip              |       |    11 |   145 |       ||   156
 Fire: Hunting sling     |       |       |   129 |    99 ||   228
Throw: Dart              |     6 |     2 |       |       ||     8
 Cast: Beastly Appendage |    16 |    17 |    13 |       ||    46
       Spider Form       |       |     6 |     4 |       ||    10
       Sticks to Snakes  |       |     3 |     1 |       ||     4
Evoke: Wand              |       |     2 |       |     6 ||     8
  Use: Potion            |     1 |       |     2 |       ||     3
       Scroll            |       |       |     2 |       ||     2
 Stab: Sleeping          |       |     6 |    10 |       ||    16
  Eat: Ration            |     2 |     4 |     5 |     2 ||    13
Armor: Robe              |    29 |    62 |    48 |    10 ||   149
       Skin              |       |     4 |     6 |       ||    10
Dodge: Dodged            |    71 |   160 |    95 |    20 ||   346
Block: Buckler           |    45 |    73 |    64 |    17 ||   199

Table legend:
 A = Non-vault XP
 B = Vault XP
 C = Vault XP percentage of total XP
 D = Non-vault monster count
 E = Vault monster count
 F = Vault count percentage of total count
                 A         B        C        D         E       F
            +---------+---------+-------+---------+---------+-------
      Total |    6494 |    2357 |  26.6 |     181 |      30 |  14.2
            +---------+---------+-------+---------+---------+-------
        D:1 |      21 |       0 |   0.0 |      14 |       0 |   0.0
        D:2 |      52 |       3 |   5.5 |      20 |       2 |   9.1
        D:3 |     182 |       1 |   0.5 |      24 |       1 |   4.0
        D:4 |     128 |      13 |   9.2 |       5 |       1 |  16.7
        D:5 |     679 |       0 |   0.0 |      24 |       0 |   0.0
        D:6 |     466 |       0 |   0.0 |      20 |       0 |   0.0
        D:7 |     816 |       5 |   0.6 |      15 |       1 |   6.2
        D:8 |    2241 |     854 |  27.6 |      30 |       2 |   6.2
        D:9 |    1631 |    1426 |  46.6 |      26 |       2 |   7.1
       D:10 |     278 |       0 |   0.0 |       3 |       0 |   0.0
      Sewer |       0 |      55 | 100.0 |       0 |      21 | 100.0
            +---------+---------+-------+---------+---------+-------
